 Dungeon Crawl Stone Soup version 0.17-a0-1519-g2001520 (console) character file.

259 Monkaria the Slasher (level 5, -1/46 HPs)
             Began as a Minotaur Skald on July 13, 2015.
             Was an Initiate of Gozag.
             Succumbed to poison (a potion of poison)
             ... on level 3 of the Dungeon.
             The game lasted 00:03:48 (1999 turns).

Monkaria the Slasher (Minotaur Skald)               Turns: 1999, Time: 00:03:48

Health: -1/46      AC:  3    Str: 17    XL:     5   Next: 94%
Magic:  6/6        EV: 11    Int: 14    God:    Gozag
Gold:   218        SH:  0    Dex: 10    Spells: 1 memorised, 5 levels left

rFire  . . .     SeeInvis +     a - +0 falchion
rCold  . . .     Clarity  .     b - +0 leather armour
rNeg   . . .     SustAt   .     (no shield)
rPois  .         Gourm    .     (helmet restricted)
rElec  .         Spirit   .     (no cloak)
rCorr  .         Warding  .     (no gloves)
rMut   .         Stasis   .     (no boots)
MR     .....                    (no amulet)
Stlth  +.........               (no ring)
                                k - ring of see invisible

@: brilliant, lethally poisoned (-1 -> -24), not resistant to hostile
enchantments, very unstealthy
A: retaliatory headbutt, horns 2
a: Potion Petition, Call Merchant, Bribe Branch, Renounce Religion


You were on level 3 of the Dungeon.
You worshipped Gozag.
Gozag was noncommittal.
You were hungry.

You visited 1 branch of the dungeon, and saw 3 of its levels.

You collected 218 gold pieces.

Inventory:

Hand weapons
 a - a +0 falchion (weapon)
Armour
 b - a +0 leather armour (worn)
 w - a +1 pair of boots
Jewellery
 k - a ring of see invisible (left hand)
Magical devices
 n - a wand of magic darts (25)
Scrolls
 g - a scroll of remove curse
 i - a scroll of identify {unknown}
 m - a scroll of enchant weapon {unknown}
 q - a scroll of random uselessness {unknown}
 r - a scroll of immolation {unknown}
 t - a scroll of amnesia {unknown}
 v - a scroll of blinking {unknown}
Potions
 e - a potion of degeneration {unknown}
 f - a potion of ambrosia {unknown}
 j - a potion of lignification {unknown}
 l - 2 potions of curing {unknown}
 p - a potion of brilliance
 s - a potion of poison
Books
 c - a book of Battle

   Spells                             Type                      Level
   a - Infusion                       Charms                       1
   b - Shroud of Golubria             Charms/Translocation         2
   c - Song of Slaying                Charms                       2
   d - Spectral Weapon                Hexes/Charms                 3
   e - Regeneration                   Charms/Necromancy            3
Comestibles
 d - 4 bread rations
 h - a meat ration
 o - a slice of pizza


   Skills:
 - Level 4.0 Fighting
 + Level 6.8 Long Blades
 - Level 1.2 Armour
 - Level 1.1 Dodging
 - Level 1.3 Spellcasting
 - Level 2.0 Charms


You had 5 spell levels left.
You knew the following spells:

 Your Spells              Type           Power        Failure   Level  Hunger
a - Infusion              Chrm           ##....       2%          1    ##.....


Dungeon Overview and Level Annotations

Branches:
Dungeon (3/15)

Altars:
Gozag


Innate Abilities, Weirdness & Mutations

You reflexively headbutt those who attack you in melee.
You have a pair of horns on your head.


Message History

You are too injured to fight recklessly!
You are too injured to fight recklessly!
You are too injured to fight recklessly!
You are too injured to fight recklessly!
You hit the worker ant but do no damage.
Your headbutt misses the worker ant. The worker ant barely misses you.
The worker ant bites you.
* * * LOW HITPOINT WARNING * * *
You are more poisoned.
The worker ant poisons you!
Drink which item? (? for menu, Esc to quit)
It was a potion of brilliance.
You feel clever all of a sudden.
* * * LOW HITPOINT WARNING * * *
You feel sick. The worker ant completely misses you.
Drink which item? (? for menu, Esc to quit)
It was a potion of poison.
That liquid tasted very nasty...
You are more poisoned.
You die...
Your body crumbles into a pile of gold.

#...............
#...............
#...#####.......
###...# #.......
#.....# #.......
#.##### ##......
#.# ##..... #.#
###### #@# #a#
#...# ###.# .# ⌠
.. ##


You could see a worker ant.

Vanquished Creatures
  3 orc wizards (D:3)
  2 orc priests (D:3)
  Natasha (D:3)
  2 adders
  2 oozes (D:2)
  A worm (D:2)
  A giant gecko (D:2)
  4 orcs (D:3)
  4 bats
  8 giant cockroaches
  6 hobgoblins
  A quokka (D:2)
  4 giant newts
  5 goblins
  7 kobolds
  4 rats
55 creatures vanquished.

Notes
Turn   | Place    | Note
--------------------------------------------------------------
     0 | D:1      | Monkaria the Minotaur Skald began the quest for the Orb.
     0 | D:1      | Reached XP level 1. HP: 18/18 MP: 1/1
    47 | D:1      | Reached skill level 3 in Fighting
   229 | D:1      | Reached XP level 2. HP: 19/26 MP: 3/3
   525 | D:2      | Reached skill level 4 in Fighting
   844 | D:2      | Reached XP level 3. HP: 29/33 MP: 4/4
  1149 | D:2      | You fall through a shaft!
  1267 | D:3      | Reached XP level 4. HP: 29/40 MP: 5/5
  1321 | D:3      | Found a faded altar to an unknown god.
  1476 | D:3      | Became a worshipper of Gozag Ym Sagoz the Greedy
  1528 | D:3      | Reached skill level 5 in Long Blades
  1529 | D:3      | Reached XP level 5. HP: 18/46 MP: 6/6
  1609 | D:3      | Noticed Natasha
  1619 | D:3      | Killed Natasha
  1619 | D:3      | Reached skill level 6 in Long Blades
  1997 | D:3      | HP: 2/46 [worker ant (5)]
  1999 | D:3      | Succumbed to poison (a potion of poison)

Vault maps used:
D:1:      scummos_arrival_hexagon
D:2:      minivault_23, uniq_jessica
D:3:      ecumenical_altar_2, grunt_ministairs_11, uniq_natasha

Action                   |  1- 3 |  4- 6 || total
-------------------------+-------+-------++-------
Melee: Falchion          |   100 |    51 ||   151
Invok: Potion Petition   |       |     1 ||     1
  Use: Scroll            |     1 |       ||     1
       Potion            |       |     2 ||     2
 Stab: Invisible         |       |     1 ||     1
  Eat: Chunk             |     1 |     2 ||     3
